 Dungeon Crawl Stone Soup version 0.22-a0-565-gfc6459a (webtiles) character file.

435 inc the Conjurer (level 7, -13/41 HPs)
             Began as an Octopode Fire Elementalist on June 28, 2018.
             Killed by miscasting Sticky Flame (24 damage)
             ... on level 4 of the Dungeon.
             The game lasted 00:07:29 (5393 turns).

inc the Conjurer (Octopode Fire Elementalist)       Turns: 5393, Time: 00:07:30

Health: -13/41     AC:  1    Str:  7    XL:     7   Next: 0%
Magic:  6/10       EV: 13    Int: 19    God:
Gold:   135        SH:  0    Dex: 13    Spells: 5/10 levels left

rFire    . . .     SeeInvis .   j - +2 hand axe (flame)
rCold    . . .     Gourm    .   (no shield)
rNeg     . . .     Faith    .   (helmet restricted)
rPois    .         Spirit   .   (no amulet)
rElec    .         Reflect  .   q - ring of protection from magic
rCorr    .         Harm     .   (no ring)
MR       +....                  (no ring)
Stlth    +++.......             (no ring)
HPRegen  0.13/turn              (no ring)
MPRegen  0.12/turn              (no ring)
                                (no ring)
                                (no ring)

@: very slightly contaminated
A: almost no armour, stealthy swim, amphibious, 8 rings, constrict 8, camouflage
1, gelatinous body 1
a: no special abilities


You were on level 4 of the Dungeon.
You were hungry.

You visited 1 branch of the dungeon, and saw 4 of its levels.

You collected 135 gold pieces.

Inventory:

Hand Weapons
 f - a +0 whip
 g - a +0 dagger
 j - a +2 hand axe of flaming (weapon)
 n - a +2 flail of holy wrath
Jewellery
 q - a ring of protection from magic (left tentacle)
Wands
 l - a wand of clouds (4)
Scrolls
 a - a scroll of fog
 c - 5 scrolls of identify
 e - a scroll of enchant weapon
 h - 2 scrolls of teleportation {unknown}
 m - a scroll of magic mapping
 o - a scroll of remove curse
 t - a scroll of enchant armour {unknown}
Potions
 d - a potion of degeneration
 i - 2 potions of mutation {unknown}
 k - a potion of might
 p - 2 potions of resistance {unknown}
 r - a potion of magic {unknown}
 s - 2 potions of haste {unknown}
 u - a potion of agility {unknown}
Comestibles
 b - 7 rations


   Skills:
 - Level 2.0 Dodging
 - Level 2.6 Stealth
 - Level 2.0 Spellcasting
 + Level 5.5 Conjurations
 + Level 5.1 Fire Magic


You had 5 spell levels left.
You knew the following spells:

 Your Spells              Type           Power        Failure   Level  Hunger
a - Flame Tongue          Conj/Fire      ###..        1%          1    #......
b - Sticky Flame          Conj/Fire      ###.....     19%         4    #####..

Your spell library contained the following spells:

 Spells                   Type           Power        Failure   Level  Hunger
 Fireball                 Conj/Fire      ###.......   45%         5    ######.
 Conjure Flame            Conj/Fire      ###.....     5%          3    ###....
 Throw Flame              Conj/Fire      ###...       2%          2    ###....
 Inner Flame              Hex/Fire       ##......     17%         3    ###....


Dungeon Overview and Level Annotations

Branches:
Dungeon (4/15)
 Temple: D:4-7

Altars:
Makhleb
Vehumet
Wu Jian


Innate Abilities, Weirdness & Mutations

You cannot wear most types of armour.
You are very stealthy in the water. (Stealth+)
You are amphibious.
You can wear up to eight rings at the same time.
You can use your tentacles to constrict eight enemies at once.
Your skin changes colour to match your surroundings (Stealth+).
Your rubbery body absorbs attacks. (AC +1, EV +1)


Message History

You closely miss the killer bee zombie. Your grab misses the killer bee zombie.
The killer bee zombie is lightly damaged.
The killer bee zombie hits you. The killer bee zombie misses you. x2
You hit the killer bee zombie. You burn the killer bee zombie.
You grab the killer bee zombie.
Your squeeze misses the killer bee zombie.
The killer bee zombie is moderately damaged.
You constrict the killer bee zombie. The killer bee zombie hits you. x2
* * * LOW HITPOINT WARNING * * *
Unknown command.
Casting: Flame Tongue (safe; 1% risk of failure)
Confirm with . or Enter, or press ? or * to list all spells.
Aiming: Sticky Flame (slightly dangerous; 19% risk of failure)
Press: ? - help, Shift-Dir - straight line, f - killer bee zombie
Aim: a killer bee zombie (moderately damaged, constricted by you)
You miscast Sticky Flame.
You are very lightly contaminated with residual magic.
You are caught in a fiery explosion!
The explosion engulfs you!
Ouch! That really hurt!
You die...

###.# .##.#
.##.############
...............####...
###.#####............$
#.# #.####.#####. #.#
#.# #.# ###.# #.#
#.#####..##
<<..#####.####..@Z......
.............."####...##
#########.####.# ... #
#.# #.# # # #.# . #.# .
#.# . #.


You could see a killer bee zombie.

Vanquished Creatures
  A crimson imp (D:4)
  2 hounds (D:4)
  Ijyb (D:3)
  Natasha (twice) (D:3)
  An orc wizard (D:3)
  2 worker ants (D:4)
  5 gnolls
  6 adders
  3 worms
  3 leopard geckos
  4 orcs
  8 bats
  9 giant cockroaches
  7 goblins
  8 hobgoblins
  3 jackals (D:3)
  10 kobolds
  3 quokkas
  A ball python (D:3)
  4 frilled lizards
  6 rats
89 creatures vanquished.

Notes
Turn   | Place    | Note
-------+----------+-------------------------------------------
     0 | D:1      | inc the Octopode Fire Elementalist began the quest for the Orb.
     0 | D:1      | Reached XP level 1. HP: 11/11 MP: 3/3
   577 | D:1      | Reached XP level 2. HP: 15/17 MP: 3/5
  1234 | D:2      | Reached XP level 3. HP: 21/21 MP: 2/6
  1694 | D:2      | Reached XP level 4. HP: 18/27 MP: 1/7
  2954 | D:2      | Reached XP level 5. HP: 31/31 MP: 3/8
  3588 | D:3      | Learned a level 4 spell: Sticky Flame
  3627 | D:3      | Noticed Ijyb
  3641 | D:3      | Killed Ijyb
  3691 | D:3      | HP: 1/31 [hobgoblin/club (4)]
  4019 | D:3      | Noticed Natasha
  4026 | D:3      | Killed Natasha
  4075 | D:3      | Reached XP level 6. HP: 32/36 MP: 6/9
  4281 | D:3      | Noticed Natasha
  4507 | D:3      | Killed Natasha
  4670 | D:3      | Reached skill level 5 in Conjurations
  5135 | D:4      | Reached skill level 5 in Fire Magic
  5168 | D:4      | Found an ornate altar of the Wu Jian Council.
  5235 | D:4      | Found a burning altar of Makhleb.
  5235 | D:4      | Found a radiant altar of Vehumet.
  5244 | D:4      | Reached XP level 7. HP: 25/41 MP: 10/10
  5393 | D:4      | Killed by miscasting Sticky Flame

Vault maps used:
D:1:      lemuel_arrival_hallway
D:2:      first_ration
D:3:      uniq_ijyb, uniq_natasha
D:4:      lemuel_crystal_altar, lemuel_blue_sif_altar,
          grunt_temple_overflow_lords_of_destruction, ebering_ghost_sewer_d,
          serial_shops, shop, okawaru_gym_becter

Skill      XL: |  1  2  3  4  5  6 |
---------------+-------------------+-----
Conjurations   | 2 3 4 5 |  5.5
Fire Magic     | 4 5 |  5.1
Dodging        | |  2.0
Stealth        | |  2.6
Spellcasting   | |  2.0

Action                   |  1- 3 |  4- 6 |  7- 9 || total
-------------------------+-------+-------+-------++-------
Melee: Unarmed           |    37 |       |       ||    37
       Constrict         |    10 |    16 |     1 ||    27
       Tentacles         |     4 |     7 |       ||    11
       Dagger            |     3 |    51 |       ||    54
       Hand axe          |       |    40 |     3 ||    43
 Cast: Flame Tongue      |    35 |    82 |       ||   117
       Sticky Flame      |       |     2 |       ||     2
  Use: Scroll            |     4 |     4 |       ||     8
       Potion            |       |     3 |       ||     3
 Stab: Sleeping          |     2 |     4 |       ||     6
  Eat: Chunk             |     2 |    13 |       ||    15
Armor: Skin              |     7 |    16 |       ||    23
Dodge: Dodged            |    32 |    91 |     3 ||   126

Table legend:
 A = Spawn XP
 B = Non-spawn XP
 C = Spawn XP percentage of total XP
 D = Spawn monster count
 E = Non-spawn monster count
 F = Spawn count percentage of total count
 G = Total turns spent on level
                    A         B        C        D         E        F      G
               +---------+---------+-------+---------+---------+-------+---------
         Total |       0 |     622 |   0.0 |       0 |      89 |   0.0 |  5393
               +---------+---------+-------+---------+---------+-------+---------
           D:1 |       0 |      62 |   0.0 |       0 |      22 |   0.0 |  1650
           D:2 |       0 |     140 |   0.0 |       0 |      29 |   0.0 |  2118
           D:3 |       0 |     220 |   0.0 |       0 |      32 |   0.0 |  1062
           D:4 |       0 |     200 |   0.0 |       0 |       6 |   0.0 |   563
               +---------+---------+-------+---------+---------+-------+---------
